 Dungeon Crawl Stone Soup version 0.31-a0-210-gccc998df9b (webtiles) character file.

Game seed: 8917053512529332374

58 qw the Chopper (level 4, -1/28 HPs)
             Began as a Gargoyle Fighter on June 29, 2023.
             Slain by a gnoll
             ... wielding a +0 flail
              (6 damage)
             ... on level 2 of the Dungeon.
             The game lasted 00:00:34 (1404 turns).

qw the Chopper (Gargoyle Fighter)                   Turns: 1404, Time: 00:00:35

Health: -1/28      AC: 12    Str: 22    XL:     4   Next: 1%
Magic:  4/4        EV:  8    Int:  8    God:
Gold:   84         SH:  4    Dex:  9    Spells: 3/3 levels left

rFire   . . .        Y - +0 war axe
rCold   . . .        c - +0 buckler
rNeg    + . .        h - +0 chain mail
rPois   inf          (no helmet)
rElec   +            (no cloak)
rCorr   .            (no gloves)
SInv    .            (no boots)
Will    .....        (no amulet) Stlth
                     (no ring)
HPRegen 0.24/turn    (no ring)
MPRegen 0.09/turn

%: no passive effects
@: about to teleport
A: sickness immunity, AC +3, negative energy resistance 1, electricity
resistance, torment resistance 1, petrification resistance
a: no special abilities


You were on level 2 of the Dungeon.
You visited 1 branch of the dungeon, and saw 2 of its levels.

You collected 84 gold pieces.


Innate Abilities, Weirdness & Mutations

You are immune to sickness and miasma.
Your stone body is resilient. (AC +3)
You are immune to poison.
You resist negative energy. (rN+)
You are resistant to electric shocks. (rElec)
You are resistant to unholy torment.
You are immune to petrification.


   Skills:
 - Level 3.2 Fighting
 + Level 3.8 Axes
 - Level 3.2 Armour
 - Level 3.2 Shields


You had 3 spell levels left.
You didn't know any spells.
Your spell library was empty.

Inventory:

Hand Weapons
 i - a +0 whip
 Y - a +0 war axe (weapon)
Missiles
 j - 5 boomerangs
Armour
 b - the +2 ring mail of Yfeal {rElec rCorr Str+2}
   (You found it on level 2 of the Dungeon)

   Str:       It affects your strength (+2).
   rElec:     It insulates you from electricity.
   rCorr:     It protects you from acid and corrosion.
 c - a +0 buckler (worn)
 e - a +0 cloak
 h - a +0 chain mail (worn)
Scrolls
 a - 2 scrolls of teleportation
 f - a scroll of fog {unknown}
 g - a scroll of identify
Potions
 d - a potion of might

Dungeon Overview and Level Annotations

Branches:
Dungeon (2/15)

Altars:


Message History

The gnoll hits you from afar with a +0 spear.
The gnoll hits you but does no damage. x4; Something hits the plant.
The plant begins to die.
You slash the gnoll!
The gnoll is almost dead.
You hit the bat but do no damage. The bat hits you but does no damage.
The gnoll hits you with a +0 club.
The gnoll hits you from afar with a +0 spear.
Something hits the plant!
The gnoll hits you from afar with a +0 spear.
You hit the gnoll.
You kill the gnoll!
The bat hits you but does no damage. The gnoll barely misses you.
Something hits the plant!
The gnoll hits you but does no damage. x3
Something hits the plant.
A nearby plant withers and dies.
The bat closely misses you. You block the gnoll's attack.
The gnoll barely misses you.
You see here a +0 club.
Enter note:
Enter note: You barely miss the gnoll.
You hit the bat. You hit the gnoll. The bat hits you but does no damage.
The gnoll hits you with a +0 spear. The bat hits you but does no damage.
The gnoll hits you with a +0 spear.
You barely miss the gnoll.
The gnoll is moderately wounded.
You hit the gnoll. You barely miss the bat. You block the bat's attack.
The gnoll barely misses you. The gnoll hits you but does no damage.
You slash the gnoll!
You kill the gnoll!
You hit the gnoll. You barely miss the gnoll. The bat barely misses you.
You block the bat's attack. The gnoll hits you but does no damage.
The gnoll barely misses you. The gnoll hits you with a +0 flail.
The gnoll hits you but does no damage.
You have reached level 4!
You feel stronger.
1404 ||| READING 3 scrolls of teleportation.
As you read the scroll of teleportation, it crumbles to dust.
You feel strangely unstable. The bat hits you but does no damage.
The gnoll hits you with a +0 flail.
You die...

#### ###...####
#......... #.#..P.P.P
#####.#)...... #######
#.....@g..PP..
......#####....b.g......
......'...'..........P.P
......#####.......PP.P.P
......# #........P.P.P
......# #.............
......# #...........##
......# ...##.##.##.#
......# ....# .# ..


You could see 2 gnolls and a bat.

Vanquished Creatures
  2 gnolls (D:2)
  An adder (D:2)
  3 dart slugs (D:1)
  3 endoplasms
  2 giant cockroaches (D:1)
  A hobgoblin (D:1)
  5 ball pythons
  A bat (D:1)
  A frilled lizard (D:1)
  4 kobolds
  2 rats
25 creatures vanquished.

Notes
Turn   | Place    | Note
-------+----------+-------------------------------------------
     0 | D:1      | qw the Gargoyle Fighter began the quest for the Orb.
     0 | D:1      | Reached XP level 1. HP: 14/14 MP: 1/1
     0 | D:1      | 0 ||| qw: Version: 0.3-a-24-ga2abf7b
     0 | D:1      | 0 ||| qw: Game counter: 6988
     0 | D:1      | 0 ||| qw: Melee chars always use a shield: true
     0 | D:1      | 0 ||| qw: God list: Okawaru
     0 | D:1      | 0 ||| qw: Allow faded altars: false
     0 | D:1      | 0 ||| qw: Do Orc after clearing Dungeon:15 true
     0 | D:1      | 0 ||| qw: Do second Lair branch before Depths: true
     0 | D:1      | 0 ||| qw: Lair rune preference: random
     0 | D:1      | 0 ||| qw: Goals: Normal, Zot:1-4, Slime:5, God:TSO, Crypt,
                  | Tomb, Abyss, Pan, Hells, Win
     0 | D:1      | 0 ||| PLANNING D:1-11
    54 | D:1      | 54 ||| Stepping ~*~*~tactically~*~*~ (hiding).
   214 | D:1      | 214 ||| Stepping ~*~*~tactically~*~*~ (stealth).
   215 | D:1      | 215 ||| Stepping ~*~*~tactically~*~*~ (stealth).
   230 | D:1      | 230 ||| Stepping ~*~*~tactically~*~*~ (stealth).
   231 | D:1      | 231 ||| Stepping ~*~*~tactically~*~*~ (stealth).
   332 | D:1      | Reached XP level 2. HP: 19/19 MP: 2/2
   611 | D:1      | 611 ||| Stepping ~*~*~tactically~*~*~ (hiding).
   667 | D:1      | 667 ||| DROPPING +0 club.
   817 | D:1      | 817 ||| Stepping ~*~*~tactically~*~*~ (hiding).
  1126 | D:1      | 1126 ||| UPGRADING to +0 chain mail.
  1136 | D:1      | 1136 ||| DROPPING +0 scale mail.
  1137 | D:1      | 1137 ||| READING 3 scrolls labelled TOCHEUC IHEOPAO.
  1140 | D:1      | 1140 ||| READING 2 scrolls labelled MIZXIJ URI LODAG.
  1165 | D:2      | Identified the +2 ring mail of Yfeal {rElec rCorr Str+2}
  1198 | D:2      | Reached skill level 3 in Axes
  1217 | D:2      | Reached XP level 3. HP: 23/23 MP: 3/3
  1403 | D:2      | HP: 4/23 [gnoll/+0 flail (5)]
  1404 | D:2      | Reached XP level 4. HP: 5/28 MP: 4/4
  1404 | D:2      | 1404 ||| READING 3 scrolls of teleportation.
  1404 | D:2      | Slain by a gnoll

Levels and vault maps discovered:
D:1:      dpeg_arrival_central, layout_basic
D:2:      layout_basic, serial_glass, glass_columns_b, glass_columns_a,
          nicolae_grassy_gnolls

Skill      XL: |  1  2 |
---------------+-------+-----
Axes           | 2 3 |  3.8
Fighting       | |  3.2
Armour         | |  3.2
Shields        | |  3.2

Action                     |  1- 3 |  4- 6 || total
---------------------------+-------+-------++-------
  Melee: War axe           |    86 |       ||    86
    Use: Scroll            |     2 |     1 ||     3
 Armour: Scale mail        |    14 |       ||    14
         Chain mail        |    39 |     1 ||    40
  Dodge: Dodged            |    42 |       ||    42
  Block: Buckler           |    20 |       ||    20

Table legend:
 A = Non-vault XP
 B = Vault XP
 C = Vault XP percentage of total XP
 D = Non-vault monster count
 E = Vault monster count
 F = Vault count percentage of total count
                 A         B        C        D         E       F
            +---------+---------+-------+---------+---------+-------
      Total |      55 |      28 |  33.7 |      23 |       2 |   8.0
            +---------+---------+-------+---------+---------+-------
        D:1 |      29 |       0 |   0.0 |      15 |       0 |   0.0
        D:2 |      26 |      28 |  51.9 |       8 |       2 |  20.0
            +---------+---------+-------+---------+---------+-------
